 Dungeon Crawl Stone Soup version 0.17-a0-2109-g117576f (webtiles) character file.

818 matakusis the Sneak (level 7, 0/46 HPs)
             Began as a Demonspawn Venom Mage on Oct 18, 2015.
             Was a Believer of Dithmenos.
             Slain by a phantom (10 damage)
             ... on level 5 of the Dungeon on Oct 19, 2015.
             The game lasted 00:39:58 (5680 turns).

matakusis the Sneak (Demonspawn Venom Mage)         Turns: 5680, Time: 00:39:58

Health: 0/46       AC:  3    Str:  8    XL:     7   Next: 62%
Magic:  11/12      EV: 13    Int: 16    God:    Dithmenos [**....]
Gold:   211        SH:  0    Dex: 16    Spells: 4 memorised, 3 levels left

rFire  . . .     SeeInvis .     v - +1 dagger (venom)
rCold  + . .     Clarity  .     a - +1 robe
rNeg   . . .     SustAt   .     (no shield)
rPois  .         Gourm    .     (helmet restricted)
rElec  .         Spirit   .     (no cloak)
rCorr  .         Warding  .     (no gloves)
rMut   .         Stasis   .     (no boots)
MR     .....                    n - amulet of regeneration
Stlth  ++++++....               (no ring)
                                (no ring)

@: very slightly contaminated, wreathed by umbra, not resistant to hostile
enchantments, very stealthy
A: hooves 1, horns 1, cold resistance 1, nightstalker 2
a: Shadow Step, Renounce Religion


You were on level 5 of the Dungeon.
You worshipped Dithmenos.
Dithmenos was pleased with you.
You were not hungry.

You visited 2 branches of the dungeon, and saw 6 of its levels.

You collected 211 gold pieces.

Inventory:

Hand Weapons
 g - a +1 antimagic dagger
 v - a +1 dagger of venom (weapon)
Missiles
 u - 8 needles of paralysis
Armour
 a - a +1 robe (worn)
Jewellery
 n - an amulet of regeneration (around neck)
Scrolls
 i - a scroll of enchant armour
 j - 2 scrolls of remove curse
Potions
 e - 3 potions of curing
 f - 2 potions of lignification
 h - a potion of magic
 k - 2 potions of berserk rage
 l - a potion of haste
 o - a potion of agility
 q - a potion of might {unknown}
 r - a potion of cancellation {unknown}
 t - 4 potions of brilliance
 w - a potion of flight {unknown}
Books
 b - a Young Poisoner's Handbook

   Spells                             Type                      Level
   a - Sting                          Conjuration/Poison           1
   b - Cure Poison                    Poison                       2
   c - Mephitic Cloud                 Conjuration/Poison/Air       3
   d - Olgreb's Toxic Radiance        Poison                       4
   e - Venom Bolt                     Conjuration/Poison           5
Comestibles
 c - 2 bread rations
 d - 2 chunks of flesh
 m - 5 fruits
 p - a royal jelly
 s - a beef jerky


   Skills:
 + Level 2.2 Short Blades
 - Level 2.1 Dodging
 * Level 6.3 Stealth
 + Level 3.6 Spellcasting
 - Level 0.8 Conjurations
 + Level 5.4 Poison Magic


You had 3 spell levels left.
You knew the following spells:

 Your Spells              Type           Power        Failure   Level  Hunger
a - Sting                 Conj/Pois      ##..         6%          1    None
b - Cure Poison           Pois           ###.......   3%          2    ##.....
c - Mephitic Cloud        Conj/Pois/Air  #.......     28%         3    ###....
d - Olgreb's Toxic Radia  Pois           ###.....     21%         4    ####...


Dungeon Overview and Level Annotations

Branches:
Dungeon (5/15)             Temple (1/1) D:4

Altars:
Ashenzari
Dithmenos
Elyvilon
Makhleb
Okawaru
Qazlal
Ru
Vehumet
Xom
Zin
The Shining One
Lugonu


Innate Abilities, Weirdness & Mutations

You have large cloven feet.
You have a pair of small horns on your head.
Your flesh is cold resistant.
You are significantly more attuned to the shadows.


Message History

You hit the phantom but do no damage. You kick the phantom, but do no damage.
The phantom is heavily damaged.
The phantom hits you.
* * * LOW HITPOINT WARNING * * *
You hit the phantom. You kick the phantom, but do no damage.
You headbutt the phantom.
The phantom is severely damaged.
The phantom closely misses you.
You miss the phantom. Your headbutt misses the phantom.
The phantom is severely damaged.
The phantom hits you.
* * * LOW HITPOINT WARNING * * *
You hit the phantom but do no damage.
The phantom is severely damaged.
The phantom hits you.
* * * LOW HITPOINT WARNING * * *
You barely miss the phantom. You headbutt the phantom.
The phantom is severely damaged.
The phantom hits you!
You die...

...#....#..#.......'........#
...#..........##...#........#
#..# ........#...#........#
..# ##......#'####.......# ..
#...........#.......#
#...........#.......#
+...........#.......#
...........#.......#
###+##.@)รท.+.......#
+W....#####'####
#....).........#
###+##.........# #.........#
#.........# #W........#
+.........# ##+###.........#


You could see a phantom.

Vanquished Creatures
  A troll (D:4)
  A phantom (D:4)
  A centaur (D:4)
  A scorpion (D:4)
  A jelly (D:5)
  A centaur skeleton (D:4)
  Jessica (D:3)
  A hound (D:4)
  An orc wizard (D:4)
  A worker ant (D:5)
  3 gnolls (D:5)
  3 adders
  3 oozes
  2 worms
  4 giant geckos
  16 orcs
  11 bats
  3 giant cockroaches
  14 hobgoblins
  9 jackals
  12 kobolds
  2 quokkas
  A giant gecko skeleton (D:4)
  A giant newt (D:2)
  10 goblins
  A jackal zombie (D:5)
  13 rats
118 creatures vanquished.

Notes
Turn   | Place    | Note
--------------------------------------------------------------
     0 | D:1      | matakusis the Demonspawn Venom Mage began the quest for the Orb.
     0 | D:1      | Reached XP level 1. HP: 13/13 MP: 3/3
    30 | D:1      | Upgraded the game from 0.17-a0-2101-g0c122e7 to 0.17-a0-2109-g117576f
   372 | D:1      | Gained mutation: Your flesh is cold resistant. [demonic ancestry]
   372 | D:1      | Reached XP level 2. HP: 10/19 MP: 3/5
  1282 | D:1      | Reached XP level 3. HP: 20/24 MP: 1/6
  1795 | D:2      | Found a shadowy altar of Dithmenos.
  1801 | D:2      | Became a worshipper of Dithmenos the Shadowed
  2639 | D:2      | Learned a level 2 spell: Cure Poison
  2831 | D:2      | Found a shimmering altar of Xom.
  2883 | D:2      | Gained mutation: You are slightly more attuned to the shadows. [demonic ancestry]
  2883 | D:2      | Reached XP level 4. HP: 23/30 MP: 4/7
  3114 | D:3      | Reached * piety under Dithmenos
  3240 | D:3      | Found a white marble altar of Elyvilon.
  3661 | D:3      | Noticed Jessica
  3663 | D:3      | Killed Jessica
  3811 | D:3      | Gained mutation: You have a pair of small horns on your head. [demonic ancestry]
  3811 | D:3      | Reached XP level 5. HP: 35/35 MP: 6/9
  4203 | D:4      | Found a stormy altar of Qazlal.
  4227 | D:4      | Reached skill level 1 in Short Blades
  4285 | D:4      | Noticed a centaur
  4293 | D:4      | Killed a centaur
  4293 | D:4      | Reached skill level 5 in Poison Magic
  4293 | D:4      | Gained mutation: You are significantly more attuned to the shadows. [demonic ancestry]
  4293 | D:4      | Reached XP level 6. HP: 35/41 MP: 10/10
  4410 | D:4      | Found a staircase to the Ecumenical Temple.
  4416 | D:4      | Noticed a troll
  4513 | D:4      | Killed a troll
  4513 | D:4      | Reached skill level 5 in Stealth
  4513 | D:4      | Gained mutation: You have large cloven feet. [demonic ancestry]
  4513 | D:4      | Reached XP level 7. HP: 13/46 MP: 7/12
  4601 | Temple   | Entered the Ecumenical Temple
  4668 | D:4      | Noticed a phantom
  4688 | D:4      | Reached ** piety under Dithmenos
  4772 | D:4      | Killed a phantom
  4823 | D:4      | Got a shimmering helmet
  4860 | D:4      | Reached skill level 6 in Stealth
  5018 | D:4      | Learned a level 3 spell: Mephitic Cloud
  5023 | D:4      | Learned a level 4 spell: Olgreb's Toxic Radiance
  5332 | D:5      | Entered Level 5 of the Dungeon
  5680 | D:5      | Slain by a phantom

Vault maps used:
D:1:      dpeg_arrival_snail
D:2:      lemuel_round_altar, first_bread, st_stairs_10, xom_teletrap_fun
D:3:      elyvilon_altar_3, uniq_jessica
D:4:      kennysheep_little_box, minmay_temple_entry_large_hall,
          kennysheep_generic_room_3
D:5:      slow_altar_1, minmay_misc_feat_plants, kennysheep_pointless_box
Temple:   corrupted_temple

Action                   |  1- 3 |  4- 6 |  7- 9 || total
-------------------------+-------+-------+-------++-------
Melee: Unarmed           |    11 |       |       ||    11
       Dagger            |   141 |   107 |   152 ||   400
 Cast: Sting             |    63 |    31 |     7 ||   101
  Use: Scroll            |    12 |     2 |     4 ||    18
       Potion            |       |     3 |       ||     3
 Stab: Sleeping          |     3 |     9 |     5 ||    17
  Eat: Chunk             |     6 |     4 |     7 ||    17
       Pizza             |     1 |       |       ||     1
